Map: Invader LE

Players

capac

  • Race: Terran Terran
  • League: Gold

BoO - Winner!

  • Race: Zerg Zerg
  • League: Gold

VOD

Have the link to the VOD?

Description

Time

  • Played on: April 4, 2016, 12:12 p.m.
  • Length: 25:38
Show
View Real Time Build Order
Export as new Build Order

capac Terran 

Build Orders: Reaper Expand, MMM Bio 

Get SALT Encoding   

  12  0:01  SCV  
  13  0:13  SCV  
  14  0:18  Supply Depot  
  14  0:26  SCV  
  15  0:40  SCV  
  15  0:42  Barracks  
  16  0:46  Refinery  
  16  0:52  SCV  
  18  1:04  SCV  
  18  1:16  SCV  
  19  1:30  Reaper  
  19  1:32  Orbital Command  
  20  1:41  Command Center  
  20  1:51  Supply Depot  
  20  1:57  SCV  
  21  2:03  Marine  
  22  2:11  SCV  
  22  2:14  Factory  
  23  2:22  Barracks  
  23  2:28  Barracks Tech Lab, Barracks  
  23  2:29  Barracks Reactor  
  23  2:32  SCV  
  23  2:36  Refinery  
  24  2:57  Orbital Command  
  24  2:58  SCV  
  25  3:07  Marine x2  
  25  3:10  SCV  
  28  3:14  Factory Tech Lab  
  28  3:16  Starport  
  28  3:23  SCV  
  28  3:24  Barracks Tech Lab  
  29  3:27  Barracks, Marine  
  29  3:28  Marine  
  31  3:39  Siege Tank  
  31  3:40  SCV x2  
  36  3:50  Marine  
  36  3:51  Marine x2  
  36  3:54  SCV x2  
  41  3:57  Medivac  
  43  4:03  Supply Depot  
  43  4:05  Refinery  
  43  4:06  SCV  
  43  4:09  SCV  
  45  4:16  Stimpack  
  45  4:18  Marine  
  45  4:22  Marine x2, SCV x2  
  50  4:25  Marine  
  50  4:29  Supply Depot  
  51  4:36  Marine  
  52  4:40  Marine  
  52  4:42  Engineering Bay, Starport Reactor  
  53  4:48  SCV x2  
  45  5:12  Marine x2, Siege Tank  
  45  5:13  Marine  
  52  5:14  Barracks Reactor  
  50  5:21  Supply Depot  
  50  5:24  SCV x2  
  52  5:34  Missile Turret  
  52  5:36  SCV x2  
  52  5:41  Marine x2  
  52  5:42  Marine  
  57  5:46  Medivac x2  
  57  5:48  SCV x2  
  63  5:54  Marine x2  
  65  5:59  Marine x2  
  65  6:00  SCV x2  
  65  6:02  Supply Depot  
  65  6:03  Missile Turret  
  69  6:05  Siege Tank  
  72  6:12  SCV x2  
  72  6:16  Refinery  
  72  6:17  Marine  
  72  6:18  Marine x2  
  77  6:20  Marine  
  77  6:23  Marine  
  77  6:24  SCV x2  
  81  6:26  Supply Depot  
  81  6:40  Siege Tank  
  81  6:43  Marine x2  
  86  6:48  Marine x2  
  86  6:52  Marine, SCV x2  
  91  6:55  Supply Depot  
  91  7:01  Marine x2  
  91  7:03  Barracks  
  91  7:04  SCV  
  94  7:16  Barracks  
  94  7:17  Marine, Siege Tank, SCV x2  
  94  7:20  Supply Depot  
  94  7:21  Medivac  
  102  7:41  Marine x4, SCV x2, Medivac  
  102  7:43  Supply Depot  
  102  7:44  Supply Depot  
  110  7:45  Terran Infantry Weapons Level 1  
  108  8:06  Missile Turret  
  108  8:07  Missile Turret  
  108  8:08  Missile Turret  
  94  8:39  SCV x2  
  94  8:40  Barracks Reactor  
  96  8:44  Barracks  
  96  8:51  SCV  
  97  8:58  Marine x5  
  97  9:02  Liberator x2  
  92  9:16  Marine x4  
  79  9:23  Barracks Reactor  
  83  9:24  Combat Shields  
  83  9:29  Marine x3  
  86  9:37  Marine x3  
  86  9:38  Marine, Command Center  
  90  9:44  Marine  
  91  9:49  Liberator x2  
  91  9:51  Terran Infantry Armor Level 1  
  91  9:52  Siege Tank  
  94  9:53  Supply Depot  
  94  9:57  Marine x4  
  94  9:58  Supply Depot  
  104  10:16  Starport  
  104  10:18  Supply Depot  
  104  10:23  Barracks  
  104  10:35  Supply Depot  
  104  10:39  Armory  
  104  10:44  Supply Depot  
  104  10:49  Medivac x2  
  108  11:05  Starport Reactor  
  108  11:07  Supply Depot  
  108  11:09  Siege Tank  
  111  11:13  Barracks Reactor  
  111  11:15  Supply Depot  
  108  11:19  Liberator x2  
  111  11:43  Terran Ship Weapons Level 1  
  111  11:51  Engineering Bay  
  111  11:55  Marine x3  
  111  11:56  Marine x2  
  111  11:58  Missile Turret  
  111  11:59  Barracks Tech Lab  
  111  12:01  Barracks Reactor  
  116  12:12  Orbital Command  
  116  12:13  Liberator  
  116  12:16  Liberator, SCV x2  
  118  12:27  Medivac x2  
  118  12:28  SCV x2  
  130  12:47  Marine x2  
  130  12:48  Marine x3  
  135  12:58  SCV x3  
  138  13:10  SCV  
  139  13:16  Marine x6  
  139  13:17  Marine x2  
  139  13:19  Medivac  
  149  13:33  Marine, Siege Tank  
  149  13:34  Marine x5  
  112  14:23  Marine x3  
  112  14:24  Marine x7  
  115  14:25  Marine x2  
  115  14:29  Liberator x4  
  124  14:41  Marine x4  
  124  14:42  Marine x6  
  134  14:47  Marine  
  134  14:48  Marine  
  148  14:59  Marine  
  146  15:05  Marine  
  146  15:06  Marine x7  
  145  15:29  Medivac x2  
  145  15:32  Medivac x2  
  145  15:34  Marine  
  145  15:35  Marine x7  
  158  15:36  Marine x2  
  158  15:38  Marauder  
  165  15:49  Refinery  
  165  15:50  Refinery  
  165  15:52  Liberator x4  
  167  16:34  Marine x5, Liberator  
  167  16:35  Marine, Liberator x2  
  173  16:47  Marine x4  
  173  16:48  Marine  
  173  16:52  Marine x6  
  193  17:01  Terran Infantry Weapons Level 2  
  193  17:02  Terran Infantry Armor Level 2  
  193  17:05  Marine  
  193  17:06  Marauder  
  196  17:26  Starport  
  145  18:25  Marine x4  
  145  18:26  Marine x7  
  109  18:43  Marine x5  
  109  18:44  Marine x6  
  109  18:47  Medivac  
  83  19:01  Marine x6  
  83  19:02  Marine x2  
  91  19:10  Medivac  
  93  19:36  Medivac  
  93  19:37  Medivac  
  97  19:42  Marauder x2  
  101  20:02  Barracks Tech Lab  
  101  20:03  Marauder  
  101  20:04  Marauder  
  105  20:12  Orbital Command  
  92  20:58  Marine x5  
  92  20:59  Marine x3  
  92  21:02  Marauder x2  
  100  21:24  Marauder  
  102  21:40  Marine x3  
  102  21:41  Marine x3  
  108  22:01  Command Center  
  108  22:21  Liberator x2  
  114  22:47  Orbital Command  
  114  22:56  Refinery x2  
  114  23:28  Marine x3  
  114  23:29  Marine x6  
  114  23:30  Marauder  
  125  23:34  Liberator  
  125  23:48  Marauder  
  127  23:51  Marauder  
  132  24:13  Marauder x2  
  126  24:34  Marauder x2  
  126  24:36  Marine x2  
  126  24:37  Marine x5  
  126  24:38  Marine  
  129  24:45  Starport Reactor  
  128  24:55  Medivac  
  128  24:56  Marauder x2  
  134  25:17  Marauder x2  
Show
View Real Time Build Order
Export as new Build Order

BoO Zerg - Winner!

Build Orders: Pool First 

Get SALT Encoding   

  12  0:02  Drone  
  13  0:12  Drone  
  14  0:17  Overlord  
  14  0:36  Drone  
  14  0:37  Drone x2  
  17  0:45  Spawning Pool  
  16  1:08  Hatchery  
  15  1:12  Drone  
  16  1:20  Drone  
  17  1:27  Drone  
  17  1:32  Queen  
  18  1:37  Extractor  
  19  1:44  Drone x2  
  21  1:53  Overlord  
  21  2:14  Drone  
  21  2:15  Drone  
  23  2:23  Drone x2  
  23  2:28  Queen  
  27  2:36  Evolution Chamber  
  26  2:37  Drone x2  
  28  2:45  Zergling x6  
  28  2:46  Zergling x4  
  33  3:00  Drone x2  
  35  3:10  Metabolic Boost  
  35  3:12  Zergling x2  
  36  3:13  Overlord  
  36  3:23  Extractor  
  35  3:40  Drone x8  
  35  3:41  Drone  
  44  3:44  Extractor  
  44  3:48  Lair  
  43  3:50  Drone  
  43  3:52  Overlord  
  44  4:10  Queen  
  44  4:13  Overlord, Extractor  
  45  4:24  Zergling x2  
  45  4:25  Zergling x12  
  52  4:54  Drone x2  
  52  4:55  Drone x4  
  54  5:14  Drone x4  
  54  5:15  Drone x2  
  60  5:22  Spire  
  60  5:26  Zerg Melee Weapons Level 1  
  59  5:43  Zergling x2  
  59  5:44  Overlord x2  
  59  5:48  Hatchery  
  59  5:52  Evolution Chamber  
  58  5:58  Pneumatized Carapace  
  58  6:03  Zergling x18  
  67  6:08  Overlord  
  67  6:22  Overlord  
  67  6:24  Overlord  
  67  6:36  Mutalisk x7  
  81  6:47  Zerg Ground Armor Level 1  
  81  6:48  Infestation Pit  
  80  6:56  Mutalisk x3  
  85  7:05  Zergling x2  
  85  7:06  Zergling x12  
  92  7:31  Drone x6  
  92  7:32  Zergling x4  
  100  7:44  Zerg Melee Weapons Level 2  
  100  7:47  Hive, Zergling x2  
  100  7:48  Zergling x10  
  100  7:51  Overlord x2  
  75  8:22  Mutalisk x2  
  75  8:23  Mutalisk x5  
  86  8:30  Zergling x2  
  86  8:31  Zergling x12  
  86  8:42  Zergling x2  
  86  8:43  Zergling x2  
  83  8:57  Zergling x2  
  83  8:58  Zergling x4  
  83  9:01  Adrenal Glands  
  81  9:12  Zergling x8  
  81  9:38  Hatchery  
  80  9:42  Zerg Ground Armor Level 2  
  80  9:44  Hatchery  
  79  9:50  Drone  
  79  9:51  Drone x5  
  85  10:06  Zerg Flyer Weapons Level 1  
  85  10:22  Ultralisk Cavern  
  85  10:27  Zergling x2  
  85  10:28  Zergling x20  
  95  10:38  Zerg Melee Weapons Level 3  
  95  10:58  Zergling x8  
  95  10:59  Zergling x12  
  91  11:38  Spore Crawler  
  90  11:40  Corruptor x4  
  90  11:46  Spore Crawler  
  97  11:48  Queen  
  97  11:52  Spore Crawler  
  98  12:02  Mutalisk x4  
  98  12:06  Chitinous Plating  
  106  12:24  Queen  
  106  12:26  Drone  
  106  12:27  Drone x8  
  117  12:35  Extractor  
  116  12:38  Extractor  
  115  12:52  Zerg Flyer Weapons Level 2  
  115  12:58  Overlord x2  
  114  13:30  Zergling x2  
  114  13:31  Zergling x22  
  114  13:32  Zergling x14  
  133  13:35  Overlord x3  
  90  14:11  Corruptor x5  
  94  14:26  Corruptor  
  94  14:27  Corruptor x9  
  112  14:36  Spore Crawler  
  109  15:05  Ultralisk  
  109  15:06  Ultralisk  
  121  15:29  Queen  
  123  15:50  Ultralisk  
  123  15:51  Ultralisk x3  
  144  16:29  Ultralisk  
  144  16:31  Zergling x4  
  144  16:32  Overlord  
  151  16:33  Overlord  
  151  16:40  Overlord x2  
  151  16:53  Extractor  
  150  16:56  Extractor  
  149  17:12  Zergling x8  
  149  17:13  Hatchery, Zergling x22  
  149  17:14  Zergling x6  
  131  18:17  Zergling x2  
  131  18:18  Zergling x12  
  131  18:19  Zergling x12  
  94  18:20  Zergling x4  
  87  18:35  Zergling x2  
  87  18:36  Zergling x4  
  76  19:00  Hatchery x2  
  74  19:05  Zergling x2  
  74  19:06  Zergling x16  
  83  19:40  Drone x4  
  83  19:41  Drone x2  
  89  20:06  Ultralisk  
  95  20:07  Zergling x6  
  95  20:08  Zergling x4  
  90  20:53  Zergling x12  
  90  20:54  Zergling x18  
  98  21:19  Queen  
  98  21:20  Drone  
  98  21:21  Drone x7  
  98  21:24  Queen  
  110  21:26  Drone x4  
  114  21:59  Zerg Flyer Armor Level 1  
  114  22:15  Ultralisk x4  
  138  22:18  Zergling x2  
  138  22:19  Zergling x2  
  140  22:38  Zergling x20  
  140  22:39  Zergling x4  
  144  23:04  Corruptor x2  
  144  23:05  Corruptor x3  
  142  23:11  Drone x3  
  142  23:12  Drone x3  
  150  23:22  Extractor  
  150  23:23  Extractor  
  150  23:26  Queen  
  150  23:43  Zergling x20  
  150  23:44  Zergling x10  
  160  24:35  Queen  
  159  24:54  Ultralisk x3  
  177  25:04  Corruptor  
  177  25:05  Corruptor  
  181  25:09  Overlord x3  
Tags
 
Add a new tag
Caveats
  • Supply blocks, unpowered buildings, or Contaminate may cause inaccurate times.
  • Supply counts are checked every 10 seconds.